 Dungeon Crawl Stone Soup version 0.24.0-1-gfbc8707122 (webtiles) character file.

Game seed: 8124145445447754614, levelgen mode: deterministic

1775 mopl the Grappler (level 8, -3/68 HPs)
             Began as a Troll Arcane Marksman on Oct 28, 2019.
             Was an Elder of Qazlal.
             Slain by an ogre
             ... wielding a +0 giant club
              (26 damage)
             ... on level 5 of the Dungeon.
             The game lasted 00:07:57 (4775 turns).

mopl the Grappler (Troll Arcane Marksman)           Turns: 4775, Time: 00:07:58

Health: -3/68      AC:  6    Str: 19    XL:     8   Next: 80%
Magic:  10/10      EV: 10    Int:  9    God:    Qazlal [****..]
Gold:   225        SH:  5    Dex: 12    Spells: 8/9 levels left

rFire    . . .     SeeInvis .     - Unarmed
rCold    . . .     Gourm    +   (no shield)
rNeg     . . .     Faith    .   a - +0 robe
rPois    .         Spirit   .   (helmet restricted)
rElec    .         Reflect  .   (no cloak)
rCorr    .         Harm     .   (gloves unavailable)
MR       .....                  (boots unavailable)
Stlth    +.........             (no amulet)
HPRegen  0.61/turn              (no ring)
MPRegen  0.12/turn              (no ring)

@: repel missiles
A: large, unfitting armour, claws 3, fast metabolism 3, gourmand, regeneration
1, shaggy fur 1, tough skin 3
a: Upheaval, Elemental Force, Renounce Religion


You were on level 5 of the Dungeon.
You worshipped Qazlal.
Qazlal was greatly pleased with you.
You were full.

You visited 1 branch of the dungeon, and saw 5 of its levels.
You also visited: Sewer.

You collected 225 gold pieces.

Inventory:

Missiles
 c - 4 large rocks
 d - 4 throwing nets
 e - 171 stones (quivered)
 g - 4 boomerangs
Armour
 a - a +0 robe (worn)
Wands
 v - a wand of random effects (27)
Scrolls
 k - 6 scrolls of magic mapping {unknown}
 m - 2 scrolls of teleportation {unknown}
 n - 3 scrolls of enchant armour {unknown}
 o - a scroll of fear {unknown}
 p - 3 scrolls of enchant weapon {unknown}
 s - 4 scrolls of remove curse {unknown}
 u - a scroll of blinking {unknown}
 y - 3 scrolls of fog {unknown}
Potions
 b - 3 potions of haste
 h - a potion of flight
 i - 7 potions of heal wounds {unknown}
 j - 2 potions of lignification
 l - a potion of ambrosia
 q - 2 potions of mutation
 r - a potion of agility
 t - a potion of invisibility
 x - 3 potions of curing
 z - 2 potions of might {unknown}
Comestibles
 f - 14 rations


   Skills:
 - Level 0.7 Fighting
 + Level 5.5 Throwing
 - Level 1.5 Dodging
 * Level 8.3 Unarmed Combat
 - Level 1.0 Spellcasting
 - Level 2.0 Hexes
 + Level 4.4 Invocations


You had 8 spell levels left.
You knew the following spells:

 Your Spells              Type           Power        Failure   Level  Hunger
a - Corona                Hex            #......      16%         1    ##.....

Your spell library contained the following spells:

 Spells                   Type           Power        Failure   Level  Hunger
 Slow                     Hex            #.......     24%         2    ###....
 Beastly Appendage        Tmut           #.....       36%         1    ##.....
 Sticks to Snakes         Tmut           #.......     50%         2    ###....
 Inner Flame              Hex/Fire       #.......     58%         3    ####...
 Portal Projectile        Hex/Tloc       #.....       58%         3    ####...
 Spider Form              Tmut/Pois      #.........   73%         3    ####...
 Cause Fear               Hex            #.........   85%         4    #####..
 Leda's Liquefaction      Hex/Erth       #.........   94%         4    #####..
 Ice Form                 Ice/Tmut       #.......     98%         4    #####..
 Blade Hands              Tmut           #.........   100%        5    ######.


Dungeon Overview and Level Annotations

Branches:
Dungeon (5/15)             Temple (0/1) D:5           Sewer (visited)

Altars:
Cheibriados
Qazlal
Sif Muna
Trog


Innate Abilities, Weirdness & Mutations

You are too large for most types of armour.
You have claws for hands.
Your metabolism is lightning-fast.
You like to eat raw meat.
Your natural rate of healing is unusually fast.
You are covered in fur. (AC +1)
You have extremely tough skin. (AC +3)


Message History

The ogre is moderately wounded.
The ogre hits you with a +0 giant club!
You claw the ogre!
The ogre is heavily wounded.
The ogre barely misses you.
You scratch the ogre but do no damage.
The ogre is heavily wounded.
You scratch the ogre.
The ogre is severely wounded.
The ogre hits you with a +0 giant club!!
You are too injured to fight recklessly!
You completely miss the ogre.
The ogre is severely wounded.
The ogre hits you with a +0 giant club!
* * * LOW HITPOINT WARNING * * *
You scratch the ogre.
The ogre is almost dead.
There is an escape hatch in the ceiling here.
The ogre hits you with a +0 giant club!!
You die...

#(#..###################.
#(#..# #. #(#..# #.
#.#..# #. #.#..# #.
######.######## #.
#......#......# ##
##.#####.####.# #.# #.#
#@##### #÷....÷# #.# #.#
#O.§..# #......# #.# #.#
#.....# #......# #.# #.#
#.....# #......# #.# #.#
#.....### #..÷..÷# #.#
#.# #.....''###.....J#
#.# #.#
##.......##......# #.#
#.# #.......##......' #.#
#.# #.##(...##...÷..#


You could see an ogre.

Vanquished Creatures
  2 slime creatures (D:5)
  An ice beast (D:4)
  A phantom (D:5)
  A centaur (D:5)
  A big kobold (D:5)
  2 bullfrogs (Sewer)
  2 howler monkeys
  2 crimson imps (D:5)
  A bullfrog skeleton (D:4)
  A gnoll shaman (D:5)
  A hound (D:4)
  An iguana (D:4)
  4 jellies (D:5)
  Ijyb (D:5)
  2 orc wizards
  A hound skeleton (D:4)
  A mummy (D:5)
  Robin (D:4)
  12 adders
  11 gnolls
  6 river rats (Sewer)
  A shadow imp (D:5)
  5 oozes
  A worm (D:2)
  2 dart slugs
  A leopard gecko (D:2)
  10 orcs
  12 ball pythons
  12 bats
  7 giant cockroaches
  14 goblins
  10 hobgoblins
  8 jackals
  12 kobolds
  A quokka (D:2)
  9 frilled lizards
  A giant cockroach zombie (D:5)
  28 rats
189 creatures vanquished.

Vanquished Creatures (others)
  11 fungi (D:5)
  7 toadstools (D:5)
18 creatures vanquished.

Grand Total: 207 creatures vanquished

Notes
Turn   | Place    | Note
-------+----------+-------------------------------------------
     0 | D:1      | mopl the Troll Arcane Marksman began the quest for the Orb.
     0 | D:1      | Reached XP level 1. HP: 18/18 MP: 1/1
    52 | D:1      | Reached skill level 1 in Unarmed Combat
    81 | D:1      | Reached XP level 2. HP: 26/26 MP: 2/2
   305 | D:1      | Reached skill level 2 in Unarmed Combat
   403 | D:1      | Reached XP level 3. HP: 28/32 MP: 3/3
  1035 | D:2      | Reached skill level 3 in Unarmed Combat
  1035 | D:2      | Reached XP level 4. HP: 31/40 MP: 4/4
  1568 | D:2      | Found a faded altar of an unknown god.
  1573 | D:2      | Became a worshipper of Qazlal Stormbringer
  1573 | D:2      | Reached * piety under Qazlal
  1575 | D:2      | Reached XP level 5. HP: 46/46 MP: 5/5
  1901 | D:3      | Found a shimmering blue altar of Sif Muna.
  2086 | D:3      | Reached skill level 4 in Unarmed Combat
  2306 | D:4      | Noticed Robin
  2315 | D:4      | Killed Robin
  2455 | D:4      | Reached skill level 1 in Invocations
  2471 | D:4      | Reached ** piety under Qazlal
  2471 | D:4      | Reached XP level 6. HP: 47/54 MP: 6/6
  2679 | D:4      | Found a glowing drain.
  2690 | D:4      | Reached skill level 5 in Unarmed Combat
  2705 | Sewer    | Entered a sewer
  2811 | Sewer    | Reached *** piety under Qazlal
  3012 | Sewer    | Reached XP level 7. HP: 43/61 MP: 2/7
  3093 | D:4      | Found a bloodstained altar of Trog.
  3378 | D:4      | Reached skill level 6 in Unarmed Combat
  3468 | D:5      | Entered Level 5 of the Dungeon
  3539 | D:5      | Noticed Ijyb
  3559 | D:5      | Killed Ijyb
  3833 | D:5      | Found a staircase to the Ecumenical Temple.
  3838 | D:5      | Reached XP level 8. HP: 66/68 MP: 9/9
  3874 | D:5      | Reached skill level 7 in Unarmed Combat
  3875 | D:5      | Reached **** piety under Qazlal
  4381 | D:5      | Reached skill level 5 in Throwing
  4560 | D:5      | Noticed a slime creature
  4561 | D:5      | Noticed a slime creature
  4561 | D:5      | Noticed a slime creature
  4597 | D:5      | Killed a slime creature
  4606 | D:5      | Killed a slime creature
  4606 | D:5      | Reached skill level 8 in Unarmed Combat
  4629 | D:5      | Found a snail-covered altar of Cheibriados.
  4775 | D:5      | Slain by an ogre

Levels and vault maps discovered:
D:1:      co_arrival_random_square_maze, layout_basic
D:2:      layout_loops_cross, chequers_ecumenical_altar_lobes, corexii_shack
D:3:      layout_basic, nicolae_overflow_crystal_walls
D:4:      layout_loops_ring, kennysheep_mini_moat, gup_sewer_entry_glass,
          hangedman_minor_gate_pass, uniq_robin
D:5:      cheibrodos_fertilizer, layout_basic, slow_altar_2,
          minmay_temple_entry_arrows, first_ration, uniq_ijyb

Skill      XL: |  1  2  3  4  5  6  7  8 |
---------------+-------------------------+-----
Unarmed Combat | 1 2 3 4 5 6 8 |  8.3
Throwing       | 2 3 4 5 |  5.5
Invocations    | 1 2 3 4 |  4.4
Fighting       | |  0.7
Dodging        | |  1.5
Spellcasting   | |  1.0
Hexes          | |  2.0

Action                   |  1- 3 |  4- 6 |  7- 9 || total
-------------------------+-------+-------+-------++-------
Melee: Unarmed           |    92 |   264 |   143 ||   499
       Punch             |       |     4 |     4 ||     8
Throw: Stone             |       |       |     9 ||     9
Invok: Upheaval          |       |     1 |       ||     1
  Use: Scroll            |       |     8 |       ||     8
 Stab: Sleeping          |     1 |     2 |       ||     3
  Eat: Chunk             |    15 |    19 |    13 ||    47
Armor: Robe              |    55 |    96 |    27 ||   178
Dodge: Dodged            |    61 |   141 |    59 ||   261
       Deflected         |       |       |     2 ||     2
Block: Other             |       |    20 |    29 ||    49
